 Dungeon Crawl Stone Soup version 0.19-a0-3-g95c6029 (webtiles) character file.

32 Minkie the Firebug (level 3, -5/19 HPs)
             Began as a Deep Elf Fire Elementalist on Apr 28, 2016.
             Slain by an iguana (7 damage)
             ... on level 3 of the Dungeon.
             The game lasted 00:04:27 (920 turns).

Minkie the Firebug (Deep Elf Fire Elementalist)      Turns: 920, Time: 00:04:27

Health: -5/19      AC:  2    Str:  5    XL:     3   Next: 8%
Magic:  5/10       EV: 13    Int: 20    God:
Gold:   52         SH:  0    Dex: 15    Spells: 1 memorised, 8 levels left

rFire  . . .     SeeInvis .     e - +0 short sword
rCold  . . .     Gourm    .     a - +0 robe
rNeg   . . .     Faith    .     (no shield)
rPois  .         Spirit   .     (no helmet)
rElec  .         Dismiss  .     (no cloak)
rCorr  .         Reflect  .     (no gloves)
SustAt .         Harm     .     (no boots)
MR     .....                    (no amulet)
Stlth  ++........               (no ring)
                                (no ring)

@: not resistant to hostile enchantments, unstealthy
A: no striking features
a: no special abilities


You were on level 3 of the Dungeon.
You were not hungry.

You visited 1 branch of the dungeon, and saw 3 of its levels.

You collected 52 gold pieces.

Inventory:

Hand Weapons
 e - a +0 short sword (weapon)
Missiles
 f - 37 stones (quivered)
Armour
 a - a +0 robe (worn)
Scrolls
 d - a scroll of immolation {unknown}
 g - 4 scrolls of teleportation {unknown}
Potions
 h - a potion of degeneration {unknown}
 j - a potion of haste {unknown}
Books
 b - a book of Flames

   Spells                             Type                      Level
   a - Flame Tongue                   Conjuration/Fire             1
   b - Throw Flame                    Conjuration/Fire             2
   c - Conjure Flame                  Conjuration/Fire             3
   d - Inner Flame                    Hexes/Fire                   3
   e - Sticky Flame                   Conjuration/Fire             4
   f - Fireball                       Conjuration/Fire             5
Comestibles
 c - a bread ration
 i - 2 chunks of flesh


   Skills:
 - Level 2.4 Dodging
 - Level 2.4 Stealth
 + Level 3.5 Spellcasting
 * Level 2.5 Conjurations
 + Level 3.6 Fire Magic


You had 8 spell levels left.
You knew the following spells:

 Your Spells              Type           Power        Failure   Level  Hunger
a - Flame Tongue          Conj/Fire      ###..        4%          1    None


Dungeon Overview and Level Annotations

Branches:
Dungeon (2/15)

Altars:


Message History

The iguana is severely wounded.
The iguana bites you!
Casting: Flame Tongue
Confirm with . or Enter, or press ? or * to list all spells.
Aiming: Flame Tongue
Press: ? - help, Shift-Dir - straight line, f/p - iguana
Aim: an iguana (severely wounded)
The flame tongue hits the iguana.
The iguana is almost dead.
The iguana bites you.
* * * LOW HITPOINT WARNING * * *
Casting: Flame Tongue
Confirm with . or Enter, or press ? or * to list all spells.
Aiming: Flame Tongue
Press: ? - help, Shift-Dir - straight line, f/p - iguana
Aim: an iguana (almost dead)
The flame tongue hits the iguana.
The iguana appears unharmed.
The iguana is almost dead.
The iguana bites you!
You die...

#.#####
#..l@.#
#####.#
.# ..
.S# ...
..##
..#


You could see an iguana and a ball python (sleeping).

Vanquished Creatures
  3 dart slugs (D:1)
  A giant gecko (D:2)
  2 giant cockroaches (D:1)
  2 goblins (D:1)
  3 hobgoblins (D:1)
  4 jackals (D:1)
  3 bats (D:1)
  A giant newt (D:1)
  3 kobolds (D:1)
  A rat (D:1)
23 creatures vanquished.

Notes
Turn   | Place    | Note
--------------------------------------------------------------
     0 | D:1      | Minkie the Deep Elf Fire Elementalist began the quest for the Orb.
     0 | D:1      | Reached XP level 1. HP: 10/10 MP: 6/6
   290 | D:1      | Reached XP level 2. HP: 15/15 MP: 6/8
   732 | D:1      | Reached XP level 3. HP: 17/19 MP: 3/10
   915 | D:2      | You fall through a shaft!
   920 | D:3      | Slain by an iguana

Vault maps used:
D:1:      dpeg_arrival_fog
D:2:      grunt_temple_overflow_opulence, ecumenical_altar_1, first_bread,
          serial_co_window_serial, co_window_paths_b, co_window_paths_b,
          co_window_corner_a, co_window_paths_a, co_window_paths_a,
          co_window_unsneaky_path_a, co_window_broadway_c, co_window_paths_c,
          co_window_unsneaky_path_b, glass_columns_b, glass_columns_a,
          glass_columns_a, glass_columns_a, kennysheep_generic_room_5,
          uniq_jessica
D:3:      grunt_qazlal_clouds, kennysheep_generic_room_4, uniq_robin

Skill      XL: |  1  2 |
---------------+-------+-----
Conjurations   | 2 |  2.5
Dodging        | |  2.4
Stealth        | |  2.4
Spellcasting   | |  3.5
Fire Magic     | |  3.6

Action                   || total
-------------------------++-------
Melee: Unarmed           ||    10
       Short sword       ||     3
 Cast: Flame Tongue      ||    50
Armor: Robe              ||     9
Dodge: Dodged            ||    34
